AoeStats
← E-d-d-i-e91G

Nomad

509310142Analyzed
2v2 RM · 7d ago on Sep 26, 2026· 76m 9s· 4 players
Game mode
Random Map
Map size
176×176
Population
200
Speed
Normal
Resources
Standard
Victory
Conquest
Starting age
Dark Age
Ending age
Imperial Age
RankedLock teamsTeams togetherTeam positionsShared explorationLock speedFull tech treeHidden civsTurbo modeCheats
Victory
Defeat
🇦🇺 Bulgarians · Australia
432
+19
🇦🇺 Wu · Australia
409
+20
🇺🇸 Chinese · United States
532
-21
🇲🇽 Lithuanians · Mexico
452
-18
petermurphymx
16:12 Feudal Age
16:54 Double-Bit Axe
16:55 Horse Collar
20:45 Gold Mining
24:54 Castle Age
23:53 Stone Mining
23:27 Man-at-Arms
24:21 Forging
24:02 Fletching
25:29 Scale Barding Armor
25:42 Bloodlines
27:25 Bow Saw
28:39 Husbandry
29:21 Heavy Plow
31:54 Iron Casting
33:37 Stone Shaft Mining
33:30 Bodkin Arrow
34:53 Town Watch
36:13 Pikeman
37:42 Chain Barding Armor
46:58 Treadmill Crane
48:43 Murder Holes
72:57 Imperial Age
Bloody5115
18:27 Loom
22:34 Feudal Age
22:35 Man-at-Arms
26:08 Scale Mail Armor
26:19 Forging
26:12 Scale Mail Armor
26:39 Forging
28:39 Castle Age
28:59 Loom
E-d-d-i-e91G
21:06 Feudal Age
21:41 Man-at-Arms
22:17 Horse Collar
23:45 Wheelbarrow
22:57 Town Watch
23:09 Fishing Lines
31:11 Castle Age
38:00 Hand Cart
37:47 Town Patrol
37:50 Double-Bit Axe
38:08 Heavy Plow
38:05 Gold Mining
38:06 Stone Mining
42:50 Imperial Age
42:01 Caravan
42:16 Red Cliffs Tactics
43:53 Gold Shaft Mining
43:55 Stone Shaft Mining
45:35 Gillnets
49:31 Sitting Tiger
60:04 Hand Cart
68:18 Bloodlines
68:09 Husbandry
67:32 Heavy Hei Guang Cavalry
72:42 Padded Archer Armor
72:34 Fletching
IAMASTROMAN9714
13:42 Feudal Age
15:46 Double-Bit Axe
18:18 Gold Mining
20:48 Forging
20:39 Scale Mail Armor
22:01 Scale Barding Armor
26:15 Horse Collar
26:45 Fishing Lines
29:01 Bloodlines
32:07 Arson
33:31 Wheelbarrow
37:24 Castle Age
37:51 Elite Skirmisher
39:56 Gambesons
39:32 Pikeman
40:13 Squires
41:01 Husbandry
48:17 Iron Casting
47:58 Chain Mail Armor
49:04 Light Cavalry
57:20 Hand Cart
Connection lost

Rejoining the realm…

Still unreachable

The connection could not be restored.

Session expired

The server has moved on; the page needs a fresh start.